 Dungeon Crawl Stone Soup version 0.27-a0-1137-g3ef0f4ec91 (webtiles) character file.

Game seed: 1740766902154072256

26 leviel the Skirmisher (level 2, -1/24 HPs)
             Began as a Demonspawn Monk on May 6, 2021.
             Frozen to death by an endoplasm (5 damage)
             ... on level 1 of the Dungeon.
             The game lasted 00:00:57 (1279 turns).

leviel the Skirmisher (Demonspawn Monk)             Turns: 1279, Time: 00:00:57

Health: -1/24      AC:  3    Str: 10 (11) XL:     2   Next: 89%
Magic:  2/2        EV: 12    Int: 10 (11) God:
Gold:   12         SH:  0    Dex: 14 (15) Spells: 1/1 levels left

rFire    . . .     SeeInvis .   a - +0 mace
rCold    . . .     Faith    .   (no shield)
rNeg     . . .     Spirit   .   c - +0 leather armour
rPois    .         Reflect  .   (no helmet)
rElec    .         Harm     .   (no cloak)
rCorr    .         Rampage  .   (no gloves)
Will     .....                  (no boots)
Stlth    ++........             (no amulet)
HPRegen  0.08/turn              (no ring)
MPRegen  0.08/turn              (no ring)

@: no status effects
A: powered by pain 1
a: no special abilities


You were on level 1 of the Dungeon.
You visited 1 branch of the dungeon, and saw 1 of its levels.

You collected 12 gold pieces.

Inventory:

Hand Weapons
 a - a +0 mace (weapon)
Armour
 c - a +0 leather armour (worn)
Scrolls
 d - 2 scrolls of magic mapping {unknown}
Potions
 b - a potion of degeneration
 e - a potion of heal wounds {unknown}


   Skills:
 * Level 3.4 Fighting
 + Level 3.1 Maces & Flails
 + Level 0.2 Armour
 + Level 3.0 Dodging
 + Level 1.7 Stealth


You had one spell level left.
You didn't know any spells.
Your spell library was empty.

Dungeon Overview and Level Annotations

Branches:
Dungeon (1/15)

Altars:


Innate Abilities, Weirdness & Mutations

You sometimes gain a little power by taking damage.


Message History

You are too injured to fight recklessly!
You are too injured to fight recklessly!
You are too injured to fight recklessly!
There are monsters nearby!
You are too injured to fight recklessly!
The jackal bites you but does no damage.
You closely miss the jackal. The jackal bites you. x2
You barely miss the jackal. The jackal bites you. x2
* * * LOW HITPOINT WARNING * * *
You hit the jackal.
The jackal is heavily wounded.
The jackal bites you.
* * * LOW HITPOINT WARNING * * *
It was a potion of degeneration.
There was something very wrong with that liquid.
You feel weakened.
You feel dopey.
You feel clumsy.
The jackal bites you but does no damage.
The jackal closely misses you.
You hit the jackal.
You kill the jackal!
You closely miss the jackal.
The jackal is heavily wounded.
The jackal closely misses you. The jackal bites you.
* * * LOW HITPOINT WARNING * * *
You hit the jackal.
You kill the jackal!
The jackal closely misses you.
Your Dodging skill increases to level 3!
You completely miss the jackal. The jackal barely misses you.
The endoplasm jiggles.
The jackal bites you.
* * * LOW HITPOINT WARNING * * *
You sock the jackal!
You kill the jackal!
The kobold hits you but does no damage.
You hit the kobold.
You kill the kobold!
The endoplasm freezes you.
You are frozen.
You die...

............####
..........).'..#######
#...........##........
###.....######........
#.###.###.######......).
#.....#.......##........
........................
#######.#.#.#.##........
#@#.#...##........
#J#.######.####### #.#.#
#.# #...#.. ###.#######
......+.. +..........
.⌠.#....# #.#.####### K.
#....# #.#........
#....#.####†#..######
#.####..>...#..#


You could see an endoplasm.

Vanquished Creatures
  A ball python (D:1)
  2 endoplasms (D:1)
  2 giant cockroaches (D:1)
  A goblin (D:1)
  A hobgoblin (D:1)
  6 jackals (D:1)
  2 quokkas (D:1)
  A bat (D:1)
  A frilled lizard (D:1)
  5 kobolds (D:1)
  2 rats (D:1)
24 creatures vanquished.

Notes
Turn   | Place    | Note
-------+----------+-------------------------------------------
     0 | D:1      | leviel the Demonspawn Monk began the quest for the Orb.
     0 | D:1      | Reached XP level 1. HP: 18/18 MP: 1/1
   401 | D:1      | Gained mutation: You sometimes gain a little power by
                  | taking damage. [demonic ancestry]
   401 | D:1      | Reached XP level 2. HP: 15/24 MP: 2/2
  1279 | D:1      | Frozen to death by an endoplasm

Illustrated notes

Levels and vault maps discovered:
D:1:      sevenhm_arrival_forest_fort_small_3, layout_basic,
          hellmonk_ecumenical_altar_dog_temple, minmay_heptomino_o4

Skill      XL: |  1  2 |
---------------+-------+-----
Maces & Flails | 3 |  3.1
Dodging        | 3 |  3.0
Fighting       | |  3.4
Armour         | |  0.2
Stealth        | |  1.7

Action                   || total
-------------------------++-------
Melee: Mace              ||    99
  Use: Potion            ||     1
 Stab: Sleeping          ||     3
Armor: Leather armour    ||    11
       Robe              ||     3
Dodge: Dodged            ||    87

Table legend: (Time is in decaauts)
 A = Elapsed time spent in this place.
 B = Non-inter-level travel time spent in this place.
 C = Inter-level travel time spent in this place.
 D = Time resting spent in this place.
 E = Time spent auto-exploring this place.
 F = Levels seen in this place.
 G = Mean time per level.
                   A        B        C        D        E       F      G
               +--------+--------+--------+--------+--------+-----+--------+
         Total |   1303 |   1303 |      0 |    155 |    935 |   1 | 1303.0 |
       Dungeon |   1303 |   1303 |      0 |    155 |    935 |   1 | 1303.0 |
               +--------+--------+--------+--------+--------+-----+--------+

Top non-repeatable levels by time:
     D:1: 1303 daAuts
